 Dungeon Crawl Stone Soup version 0.20-a0-1016-g241539b (webtiles) character file.

956 Multipenetrator the Shield-Bearer (level 8, -2/62 HPs)
             Began as a Formicid Fighter on Apr 16, 2017.
             Killed by divine providence
             ... invoked by an orc priest
              (14 damage)
             ... on level 6 of the Dungeon.
             The game lasted 00:14:47 (3661 turns).

Multipenetrator the Shield-Bearer (FoFi)            Turns: 3661, Time: 00:14:48

Health: -2/62      AC: 10    Str: 26    XL:     8   Next: 36%
Magic:  8/8        EV:  8    Int:  9    God:
Gold:   273        SH: 10    Dex: 11    Spells: 7/7 levels left

rFire    . . .     SeeInvis +   a - +0 war axe
rCold    . . .     Gourm    .   c - +0 shield
rNeg     . . .     Faith    .   b - +0 scale mail
rPois    .         Spirit   .   (helmet unavailable)
rElec    .         Reflect  .   A - +2 cloak {+Inv}
rCorr    .         Harm     .   (no gloves)
MR       .....                  (no boots)
Stlth    ..........             r - amulet of magic regeneration
Regen    0.2/turn               C - ring of flight
MPRegen  0.2/turn               (no ring)

@: mighty, flying, heavily drained
A: permanent stasis, dig shafts and tunnels, four strong arms, antennae 3
a: Dig, Shaft Self, Evoke Invisibility


You were on level 6 of the Dungeon.
You were not hungry.

You visited 1 branch of the dungeon, and saw 6 of its levels.
You also visited: Sewer.

You collected 273 gold pieces.

Inventory:

Hand Weapons
 a - a +0 war axe (weapon)
 w - a +0 hand axe of distortion
Armour
 b - a +0 scale mail (worn)
 c - a +0 shield (worn)
 o - a +2 chain mail of cold resistance
 y - a +0 leather armour of fire resistance
 A - a +2 cloak of invisibility (worn)
Jewellery
 e - an uncursed amulet of harm
 r - an amulet of magic regeneration (around neck)
 C - a ring of flight (left hand)
Wands
 p - a wand of disintegration (14/24)
 x - a wand of paralysis (7/24)
Scrolls
 g - 4 scrolls of identify {unknown}
 i - 4 scrolls of random uselessness {unknown}
 m - a scroll of magic mapping {unknown}
 q - a scroll of fog {unknown}
 s - a scroll of immolation {unknown}
 t - 3 scrolls of remove curse {unknown}
 u - a scroll of enchant weapon {unknown}
 v - a scroll of noise {unknown}
Potions
 j - 4 potions of flight
 k - 2 potions of heal wounds {unknown}
 l - 2 potions of curing {unknown}
 n - 2 potions of brilliance {unknown}
Comestibles
 f - 3 bread rations
 h - 2 meat rations
 z - 4 fruits
 B - 5 chunks of flesh


   Skills:
 + Level 5.0(3.7) Fighting
 + Level 6.1(4.7) Axes
 + Level 4.9(3.6) Armour
 + Level 1.4(0.2) Dodging
 + Level 0.3(0.0) Stealth
 * Level 6.5(5.1) Shields


You had 7 spell levels left.
You didn't know any spells.

Dungeon Overview and Level Annotations

Branches:
Dungeon (6/15)
 Temple: D:4-7

Altars:
Ashenzari
Hepliaklqana
Kikubaaqudgha
Uskayaw
Vehumet
Wu Jian
Yredelemnul
Zin
The Shining One

Shops:
D:6 }


Innate Abilities, Weirdness & Mutations

You cannot be hasted, slowed, berserked, paralysed or teleported.
You can dig through walls and to a lower floor.
Your four strong arms can wield two-handed weapons with a shield.
You have a pair of large antennae on your head. (SInv)


Message History

The orc priest hits you but does no damage.
The orc priest invokes the aid of Beogh against you.
Beogh smites you!
* * * LOW HITPOINT WARNING * * *
It was a potion of flight.
You feel very buoyant.
You fly up into the air.
The orc priest casts a cantrip, but nothing happens.
The orc priest hits you but does no damage.
You feel very mighty all of a sudden.
The orc priest calls upon Beogh to heal the orc priest.
The orc priest is healed somewhat.
The orc priest mumbles some strange prayers to Beogh against you.
You struggle to resist.
You slice the orc priest!!
You kill the orc priest!
You barely miss the orc priest.
The orc priest mumbles some strange prayers to Beogh against you.
Beogh smites you!
You die...

####.###.......####.##
#.....#...............
#...........>..###..##
#....####'####.# .
#....##♣...♣##.#
#....##.....##.#
####.##♣...♣##.####
##.##.....##....#
#))####_####@...# #.##
### #)o..# #.# .....#
#####.# .......#
...#..# ..........
##...## ....$.∩.....
.###.# .........####
...### #.........#
.⌠..#


You could see an orc priest.

Vanquished Creatures
  An ice beast (D:5)
  2 sky beasts (D:5)
  A big kobold (Sewer)
  2 bullfrogs (D:6)
  A crimson imp (D:5)
  A jelly (D:5)
  A bullfrog skeleton (D:4)
  3 orc priests
  An orc wizard (D:5)
  Crazy Yiuf (D:5)
  3 worker ants
  A killer bee zombie (D:5)
  5 adders
  2 river rats (Sewer)
  A shadow imp (D:5)
  An ooze (D:3)
  A worm (D:3)
  2 dart slugs
  6 leopard geckos
  14 orcs
  A ball python (D:1)
  4 giant cockroaches (D:3)
  6 goblins
  4 hobgoblins
  2 jackals (Sewer)
  5 kobolds
  3 bats
  5 frilled lizards
  5 rats
85 creatures vanquished.

Vanquished Creatures (others)
  A goblin (D:3)
1 creature vanquished.

Grand Total: 86 creatures vanquished

Notes
Turn   | Place    | Note
-------+----------+-------------------------------------------
     0 | D:1      | Multipenetrator the Formicid Fighter began the quest for the Orb.
     0 | D:1      | Reached XP level 1. HP: 18/18 MP: 1/1
    79 | D:1      | Reached XP level 2. HP: 21/24 MP: 2/2
   401 | D:1      | You fall through a shaft!
   408 | D:2      | Reached XP level 3. HP: 9/29 MP: 3/3
   868 | D:3      | Found a glowing silver altar of Zin.
   869 | D:3      | Found a radiant altar of Vehumet.
   926 | D:3      | Found a glowing drain.
   933 | D:3      | Reached XP level 4. HP: 27/36 MP: 4/4
   951 | Sewer    | Entered a sewer
  1128 | Sewer    | Noticed a big kobold
  1146 | Sewer    | Killed a big kobold
  1146 | Sewer    | Reached skill level 5 in Shields
  1146 | Sewer    | Reached XP level 5. HP: 30/42 MP: 5/5
  1164 | Sewer    | Found a white marble altar of Elyvilon.
  1283 | D:3      | Found a hazy altar of Hepliaklqana.
  1418 | D:3      | Found a shattered altar of Ashenzari.
  1619 | D:3      | Found a basalt altar of Yredelemnul.
  1898 | D:4      | Reached XP level 6. HP: 47/48 MP: 6/6
  1905 | D:4      | Found a hide-covered altar of Uskayaw.
  2324 | D:3      | Found an ancient bone altar of Kikubaaqudgha.
  2385 | D:5      | Entered Level 5 of the Dungeon
  2397 | D:5      | Reached skill level 1 in Dodging
  2452 | D:5      | Found a runed door.
  2552 | D:5      | Reached XP level 7. HP: 52/55 MP: 7/7
  2638 | D:5      | Found a shattered altar of Ashenzari.
  2649 | D:5      | Reached skill level 5 in Axes
  3179 | D:5      | Reached skill level 5 in Fighting
  3179 | D:5      | Reached XP level 8. HP: 54/62 MP: 8/8
  3426 | D:5      | Noticed Crazy Yiuf
  3429 | D:5      | Killed Crazy Yiuf
  3542 | D:6      | Found a glowing golden altar of the Shining One.
  3594 | D:6      | Found a glowing golden altar of the Shining One.
  3595 | D:6      | Found an ornate altar of the Wu Jian Council.
  3646 | D:6      | Found Xusakuce's Gadget Emporium.
  3661 | D:6      | Killed from afar by an orc priest

Vault maps used:
D:1:      matt_arrival_spirals, minmay_ruptured
D:3:      nicolae_overflow_crystal_walls, nicolae_overflow_hidden_temple,
          ashenzari_conservatory_becter, fiery_altar_vehumet,
          portal_sewer_entry_f
D:4:      lemuel_coloured_pillars_altar, first_bread
D:5:      serial_curves, eino_curves_01, eino_curves_04, eino_curves_04,
          eino_curves_02, cheibrodos_ashenzari_chains, uniq_crazy_yiuf_cottage
D:6:      gammafunk_temple_overflow_pools, temple_hall, serial_shops, shop,
          tso_altar, uniq_grinder
Sewer:    sewer_kobolds

Skill      XL: |  1  2  3  4  5  6  7  8 |
---------------+-------------------------+-----
Shields        | 4 5 6 |  6.5
Fighting       | 4 5 |  5.0
Axes           | 3 4 5 6 |  6.1
Armour         | 4 |  4.9
Dodging        | 1 |  1.4
Stealth        | |  0.3

Action                   |  1- 3 |  4- 6 |  7- 9 || total
-------------------------+-------+-------+-------++-------
Melee: War axe           |    98 |    91 |   107 ||   296
 Abil: Shaft Self        |     1 |       |       ||     1
  Use: Potion            |       |       |     2 ||     2
  Eat: Chunk             |       |     6 |     4 ||    10
Armor: Scale mail        |    33 |    43 |    29 ||   105
Dodge: Dodged            |    30 |    35 |    27 ||    92
Block: Shield            |    53 |    44 |    57 ||   154
